 Dungeon Crawl Stone Soup version 0.29.1-2-gbd0b4ee654 (webtiles) character file.

Game seed: 9742363068895493458

3504 safid the Skirmisher (level 9, -2/181 HPs)
             Began as a Minotaur Hunter on Oct 31, 2022.
             Was an Elder of Okawaru.
             Killed from afar by an orc wizard (10 damage)
             ... with a puff of flame
             ... on level 8 of the Dungeon.
             The game lasted 00:17:08 (7990 turns).

safid the Skirmisher (Minotaur Hunter)              Turns: 7990, Time: 00:17:09

Health: -2/181     AC: 24    Str: 13 (16) XL:     9   Next: 80%
Magic:  8/8        EV:  2    Int:  5 (6)  God:    Okawaru [****..]
Gold:   335        SH:  0    Dex: 16 (18) Spells: 8/8 levels left

rFire   . . .      SeeInvis .   a - +0 shortbow
rCold   . . .      Faith    .   (shield currently unavailable)
rNeg    . . .      Spirit   .   (body armour currently unavailable)
rPois   +          Reflect  .   (helmet currently unavailable)
rElec   .          Harm     .   (cloak currently unavailable)
rCorr   .          Rampage  .   (gloves currently unavailable)
Will    .....      NoTele   +   (boots currently unavailable)
Stlth   ..........              (no amulet)
HPRegen 0.40/turn               t - ring of poison resistance
MPRegen 0.11/turn               x - +4 ring of evasion

@: berserking (expiring), tree-form, very quick
A: stationary, stasis, torment immunity, boosted hp, (horns 2), (retaliatory
headbutt)
a: Renounce Religion, Heroism, Finesse


You were on level 8 of the Dungeon.
You worshipped Okawaru.
Okawaru was greatly pleased with you.
You were a tree.
You visited 2 branches of the dungeon, and saw 10 of its levels.
You also visited: Sewer.

You collected 434 gold pieces.
You spent 99 gold pieces at shops.

Inventory:

Hand Weapons
 a - a +0 shortbow (weapon)
Armour
 e - the +1 Delatra's gloves (melded) {ID++}
   (You found it on level 6 of the Dungeon)

   It heals its wearer when they drink unknown potions.
   It restores its wearer's MP when they read unknown scrolls.
 h - a +3 leather armour of poison resistance (melded)
 w - a +0 pair of boots (melded)
Jewellery
 t - a ring of poison resistance (left branch)
 x - a +4 ring of evasion (right branch)
Wands
 f - a wand of flame (26)
 l - a wand of polymorph (10)
 y - a wand of iceblast (3)
Scrolls
 c - 6 scrolls of teleportation
 g - 2 scrolls of enchant weapon
 o - a scroll of enchant armour
 u - 2 scrolls of fear
 A - a scroll of magic mapping
Potions
 b - a potion of might
 d - 4 potions of curing
 i - a potion of mutation {unknown}
 j - a potion of heal wounds {unknown}
 k - 8 potions of haste
 n - 3 potions of ambrosia
 p - a potion of flight
 z - 2 potions of invisibility


   Skills:
 - Level 8.0 Fighting
 + Level 14.2 Ranged Weapons
 - Level 2.1 Dodging
 - Level 0.7 Stealth


You had 8 spell levels left.
You didn't know any spells.
Your spell library contained the following spells:

 Spells                   Type           Power      Damage    Failure   Level
 Apportation              Tloc           0%         N/A       47%         1
 Necrotise                Necr           0%         1d4       47%         1
 Sting                    Tmut/Pois      0%         1d3       47%         1
 Poisonous Vapours        Pois/Air       0%         N/A       63%         2
 Ignite Poison            Fire/Tmut/Pois 0%         N/A       85%         3
 Inner Flame              Hex/Fire       0%         N/A       85%         3
 Mephitic Cloud           Conj/Pois/Air  0%         N/A       85%         3
 Cause Fear               Hex            0%         N/A       99%         4
 Olgreb's Toxic Radiance  Pois           0%         N/A       99%         4
 Freezing Cloud           Conj/Ice/Air   0%         6-21      100%        5
 Discord                  Hex            0%         N/A       100%        8
 Summon Small Mammal      Summ           Unusable   N/A       N/A         1

Dungeon Overview and Level Annotations

Branches:
Dungeon (9/15)             Temple (1/1) D:4           Sewer (visited)
   Lair: D:8-11         Orc: D:9-12

Altars:
Ashenzari
Cheibriados
Dithmenos
Elyvilon
Fedhas
Gozag
Hepliaklqana
Kikubaaqudgha
Makhleb
Nemelex Xobeh
Okawaru
Qazlal
Ru
Sif Muna
Trog
Uskayaw
Vehumet
Wu Jian
Xom
Yredelemnul
Zin
The Shining One

Shops:
D:1 ?


Innate Abilities, Weirdness & Mutations

You are a tree.
Your roots penetrate the ground, keeping you stationary.
You cannot be teleported.
You are immune to unholy pain and torment.
Your maximum health is greatly increased.
Your equipment is partially melded.
((You have a pair of horns on your head.))
((You reflexively headbutt those who attack you in melee.))


Message History

The orc warrior hits you but does no damage.
Unknown command.
You are too berserk!
You are too berserk!
Really attack while wielding your +0 shortbow?
You completely miss the orc warrior.
The orc warrior is severely wounded.
Something hits you but does no damage.
The orc warrior hits you but does no damage.
You closely miss the orc warrior.
The orc warrior is severely wounded.
Something hits you.
* * * LOW HITPOINT WARNING * * *
The orc warrior hits you but does no damage.
You clumsily bash the orc warrior but do no damage.
The orc warrior is severely wounded.
Something hits you but does no damage.
The orc warrior hits you but does no damage.
You barely miss the orc warrior.
The orc warrior is severely wounded.
Something hits you but does no damage.
The orc warrior hits you but does no damage.
You clumsily bash the orc warrior but do no damage.
The orc warrior is severely wounded.
You hear some strange, mumbled words.
Something tries to affect you, but you resist.
The orc warrior hits you with a +0 long sword.
* * * LOW HITPOINT WARNING * * *
You clumsily bash the orc warrior but do no damage.
The orc warrior is severely wounded.
You hear some strange, mumbled words.
A magic dart appears from out of thin air!
The magic dart hits you but does no damage.
The orc warrior hits you but does no damage.
You clumsily bash the orc warrior but do no damage.
The orc warrior is severely wounded.
You hear some strange, mumbled words.
A puff of flame appears from out of thin air!
The puff of flame hits you!
You die...

#....#..........+.....#
###'###...##....#.....#
#.....#...##'####.)...#
#.....#.........#.....#
#.....#.........#.....# ###
#.....#.........#.....# #..
#.....#...####+##.....# #..
#.....#...#..)...###### #.. #
#.....#...#.♣....#....# #.. #
#.....#...#{.o...#....# #.. #
#.....'...#......#....# #.. #
#.....#...#......#....# #..
#####.....#..)#......###'######..
#...#######...#######............
#.......#......#....#........(.##
#.......'......#....#..........#
#.......#......#....#..........#


You could see an orc warrior.

Vanquished Creatures
  A wyvern (D:8)
  Eustachio (D:5)
  A steam dragon (D:8)
  Edmund (D:5)
  An orc warrior (D:6)
  A sky beast (D:8)
  4 ice beasts
  3 centaurs (D:7)
  An ogre (D:5)
  3 phantoms
  2 kobold brigands
  3 bullfrogs
  A necrophage (D:5)
  7 scorpions
  6 wights
  3 killer bees (D:7)
  2 howler monkeys
  3 hounds
  An orc priest (D:6)
  A jelly (D:4)
  2 iguanas
  2 orc wizards (D:6)
  A mummy (D:5)
  A gnoll (D:4)
  12 adders
  A river rat (Sewer)
  A shadow imp (D:6)
  A white imp (D:7)
  A worm (D:2)
  5 dart slugs
  24 orcs
  5 bats
  8 endoplasms
  5 giant cockroaches
  7 hobgoblins
  A jackal (D:4)
  7 kobolds
  5 quokkas
  7 ball pythons
  4 frilled lizards
  7 goblins
  2 kobold zombies (D:5)
  2 orc zombies (D:5)
  12 rats
169 creatures vanquished.

Notes
Turn   | Place    | Note
-------+----------+-------------------------------------------
     0 | D:1      | safid the Minotaur Hunter began the quest for the Orb.
     0 | D:1      | Reached XP level 1. HP: 18/18 MP: 0/0
    23 | D:1      | Found a faded altar of an unknown god.
   144 | D:1      | Found Noeg's Magic Scroll Emporium.
   150 | D:1      | Bought a scroll of identify for 22 gold pieces
   247 | D:1      | Reached XP level 2. HP: 26/26 MP: 1/1
   645 | D:2      | Reached XP level 3. HP: 31/31 MP: 2/2
   672 | D:2      | Reached skill level 5 in Ranged Weapons
   867 | D:2      | Reached XP level 4. HP: 18/41 MP: 3/3
  1106 | D:2      | Found a broken altar of Ashenzari.
  1266 | D:1      | Bought a scroll of identify for 22 gold pieces
  1266 | D:1      | Bought a scroll of identify for 22 gold pieces
  1324 | D:1      | Bought a scroll of teleportation for 33 gold pieces
  1465 | D:3      | Reached XP level 5. HP: 47/47 MP: 4/4
  1830 | D:4      | Reached skill level 5 in Fighting
  1830 | D:4      | Reached skill level 6 in Ranged Weapons
  1897 | D:4      | Found a glowing drain.
  1918 | Sewer    | Entered a sewer
  2173 | Sewer    | Reached XP level 6. HP: 48/56 MP: 5/5
  2414 | D:4      | Found a bloodstained altar of Trog.
  2414 | D:4      | Found a sparkling altar of Nemelex Xobeh.
  2570 | D:4      | Found a staircase to the Ecumenical Temple.
  2579 | Temple   | Entered the Ecumenical Temple
  2853 | Temple   | Became a worshipper of Warmaster Okawaru
  3260 | D:4      | Reached skill level 7 in Ranged Weapons
  3336 | D:5      | Entered Level 5 of the Dungeon
  3350 | D:5      | Reached * piety under Okawaru
  3351 | D:5      | Reached XP level 7. HP: 46/64 MP: 6/6
  3633 | D:5      | Reached skill level 8 in Ranged Weapons
  3646 | D:5      | Reached ** piety under Okawaru
  3774 | D:5      | Reached XP level 8. HP: 74/74 MP: 7/7
  3894 | D:5      | Noticed Edmund
  3911 | D:5      | Killed Edmund
  3912 | D:5      | Reached skill level 9 in Ranged Weapons
  4121 | D:5      | Noticed Eustachio
  4161 | D:5      | Killed Eustachio
  4363 | D:5      | Reached skill level 10 in Ranged Weapons
  4703 | D:6      | Found an ancient bone altar of Kikubaaqudgha.
  4703 | D:6      | Found a glowing golden altar of the Shining One.
  4800 | D:6      | Reached skill level 11 in Ranged Weapons
  5328 | D:6      | Reached *** piety under Okawaru
  5329 | D:6      | Reached XP level 9. HP: 81/81 MP: 8/8
  5372 | D:6      | Found the +1 Delatra's gloves {ID++}
  5704 | D:6      | Reached skill level 12 in Ranged Weapons
  6634 | D:7      | Reached skill level 13 in Ranged Weapons
  7735 | D:8      | Reached **** piety under Okawaru
  7740 | D:8      | Reached skill level 14 in Ranged Weapons
  7982 | D:8      | HP: 6/121 [orc warrior/+0 long sword (6)]
  7988 | D:8      | HP: 7/181 [orc warrior/+0 long sword (1)]
  7990 | D:8      | Killed from afar by an orc wizard

Illustrated notes

Levels and vault maps discovered:
D:1:      dpeg_arrival_lava_temple_mockup, layout_basic, serial_shops,
          shop_scrolls, basic_ecumenical_altar
D:2:      layout_rooms, basic_altar
D:3:      minmay_angry_zag, layout_basic
D:4:      layout_loops_cross, gammafunk_temple_overflow_elements,
          minmay_temple_entry_slanted, gup_sewer_entry_glass, minmay_pentangle
D:5:      cheibrodos_helix_gallery, layout_basic, minivault_11, minivault_24,
          minmay_mini_ossuary, uniq_edmund, uniq_eustachio
D:6:      layout_loops_ring, mainiacjoe_overflow_large_starburst,
          pf_guarded_unrand_delatra
D:7:      layout_basic
D:8:      layout_gridville
D:9:      layout_rooms, worms_lemuel
Temple:   hc_temple_tempest_star

Skill      XL: |  1  2  3  4  5  6  7  8  9 |
---------------+----------------------------+-----
Fighting       | 3 4 5 6 8 |  8.0
Ranged Weapons | 5 6 7 8 11 14 | 14.2
Dodging        | |  2.1
Stealth        | |  0.7

Action                   |  1- 3 |  4- 6 |  7- 9 || total
-------------------------+-------+-------+-------++-------
Melee: Shortbow          |       |       |     7 ||     7
 Fire: Shortbow          |    74 |   181 |   441 ||   696
  Use: Scroll            |       |       |    16 ||    16
       Potion            |       |       |     6 ||     6
Armor: Leather armour    |     6 |       |    37 ||    43
       Ring mail         |    16 |    39 |    13 ||    68
       Scale mail        |       |       |    15 ||    15
       Skin              |       |       |    17 ||    17
Dodge: Dodged            |    43 |    83 |   214 ||   340
